Map: NeoHumanity LE

Players

PtitDrogo - Winner!

  • Race: Protoss Protoss
  • Spawn Location: 5:00

DnS

  • Race: Protoss Protoss
  • Spawn Location: 11:00

Event: HomeStory Cup XXIII

VOD

Have the link to the VOD?

Description

Time

  • Played on: July 1, 2023, 6:29 a.m.
  • Length: 11:26

All games in this series

Show
View Real Time Build Order
Export as new Build Order

PtitDrogo Protoss - Winner!

Build Orders: Oracle Opening 

Get SALT Encoding   

  12  0:00  Probe  
  13  0:12  Probe  
  14  0:17  Pylon  
  14  0:24  Probe (Chrono Boost)  
  15  0:36  Probe (Chrono Boost), Gateway  
  16  0:45  Probe (Chrono Boost)  
  16  0:46  Assimilator  
  17  0:51  Probe  
  17  0:54  Assimilator  
  18  1:03  Probe (Chrono Boost)  
  19  1:06  Gateway  
  19  1:13  Probe (Chrono Boost)  
  19  1:18  Probe (Chrono Boost)  
  20  1:23  Cybernetics Core  
  21  1:29  Probe  
  22  1:34  Pylon  
  22  1:41  Probe  
  23  1:53  Probe  
  24  2:00  Adept, Warp Gate, Stalker  
  28  2:06  Pylon  
  28  2:19  Stargate  
  28  2:25  Shield Battery  
  28  2:34  Probe  
  29  2:49  Nexus  
  29  2:50  Probe  
  30  2:57  Stalker  
  32  3:04  Oracle (Chrono Boost)  
  33  3:14  Shield Battery  
  33  3:20  Stalker  
  33  3:24  Probe  
  36  3:33  Oracle  
  39  3:38  Pylon  
  39  3:54  Twilight Council  
  39  3:56  Probe  
  40  4:03  Stalker  
  40  4:07  Stalker  
  44  4:10  Probe (Chrono Boost)  
  44  4:11  Probe (Chrono Boost)  
  46  4:22  Probe (Chrono Boost)  
  46  4:23  Probe (Chrono Boost)  
  48  4:27  Probe (Chrono Boost)  
  48  4:28  Probe (Chrono Boost)  
  50  4:33  Dark Shrine  
  50  4:36  Probe  
  50  4:38  Probe  
  52  4:41  Pylon  
  52  4:48  Probe  
  52  4:50  Probe  
  54  4:52  Assimilator  
  54  4:55  Gateway  
  54  5:00  Probe  
  54  5:01  Blink (Chrono Boost)  
  54  5:03  Pylon, Shield Battery  
  55  5:12  Probe x2  
  57  5:23  Stalker x2  
  57  5:24  Probe x2  
  63  5:36  Probe  
  63  5:37  Probe  
  65  5:45  Nexus  
  65  5:48  Dark Templar  
  67  5:50  Dark Templar  
  67  5:54  Probe x2  
  71  6:03  Pylon  
  71  6:05  Forge  
  71  6:07  Probe x2  
  70  6:19  Probe  
  70  6:23  Probe  
  72  6:31  Probe, Protoss Ground Weapons Level 1 (Chrono Boost)  
  72  6:32  Stalker x3  
  77  6:35  Probe  
  78  6:40  Robotics Facility  
  78  6:43  Probe  
  77  6:47  Probe  
  77  6:52  Shield Battery  
  78  6:55  Probe  
  78  6:57  Stalker x3  
  78  6:59  Probe x2  
  87  7:02  Gateway  
  87  7:07  Shield Battery, Assimilator  
  87  7:08  Probe  
  88  7:09  Pylon  
  88  7:11  Probe  
  89  7:21  Dark Templar  
  90  7:24  Stalker x2  
  90  7:26  Probe  
  95  7:30  Gateway  
  95  7:31  Immortal (Chrono Boost), Gateway  
  97  7:45  Probe  
  97  7:47  Probe  
  97  7:51  Probe  
  100  8:00  Probe  
  100  8:03  Warp Prism (Chrono Boost)  
  100  8:04  Gateway x2  
  100  8:05  Nexus, Gateway  
  101  8:06  Pylon  
  101  8:09  Stalker  
  101  8:11  Sentry x2  
  109  8:14  Protoss Ground Weapons Level 2 (Chrono Boost)  
  109  8:24  Photon Cannon  
  109  8:26  Photon Cannon  
  109  8:28  Stalker  
  109  8:29  Stalker  
  109  8:31  Stalker  
  109  8:33  Probe x2  
  117  8:43  Pylon  
  117  8:46  Photon Cannon  
  117  8:51  Pylon  
  117  9:01  Probe x2  
  117  9:02  Pylon  
  119  9:03  Stalker x3  
  119  9:06  Pylon  
  125  9:10  Charge (Chrono Boost), Stalker x4  
  131  9:19  Stalker x2  
  131  9:24  Probe x2  
  137  9:28  Stalker x2  
  137  9:31  Photon Cannon  
  141  9:42  Stalker  
  141  9:43  Stalker x3  
  141  9:44  Probe x2  
  151  9:45  Assimilator  
  151  9:46  Assimilator  
  151  9:47  Pylon  
  151  9:51  Warp Prism (Chrono Boost)  
  151  10:02  Stalker x4  
  157  10:15  Stalker  
  157  10:16  Stalker x2  
  157  10:18  Pylon  
  157  10:21  Nexus  
  163  10:24  Pylon  
  163  10:33  Pylon  
  163  10:43  Stalker x4  
  163  10:45  Zealot x5  
  141  11:06  Zealot x3, Stalker x4  
  141  11:07  Zealot x2  
Show
View Real Time Build Order
Export as new Build Order

DnS Protoss 

Build Orders: Blink Stalkers 

Get SALT Encoding   

  12  0:00  Probe  
  13  0:12  Probe  
  14  0:17  Pylon  
  14  0:24  Probe (Chrono Boost)  
  15  0:36  Probe (Chrono Boost), Gateway  
  16  0:44  Probe (Chrono Boost)  
  16  0:45  Assimilator  
  17  0:51  Probe  
  17  0:53  Assimilator  
  18  1:03  Probe (Chrono Boost)  
  19  1:06  Gateway  
  20  1:12  Probe (Chrono Boost)  
  20  1:17  Probe (Chrono Boost)  
  20  1:24  Cybernetics Core  
  21  1:29  Probe  
  21  1:32  Pylon  
  22  1:41  Probe  
  23  1:53  Probe  
  24  2:00  Stalker  
  26  2:03  Stalker  
  26  2:06  Warp Gate  
  28  2:10  Pylon  
  28  2:11  Probe  
  29  2:30  Stalker  
  29  2:33  Stalker  
  33  2:59  Shield Battery  
  33  3:00  Probe  
  34  3:12  Probe, Twilight Council  
  35  3:14  Nexus  
  35  3:19  Pylon  
  35  3:26  Probe, Shield Battery  
  36  3:39  Probe  
  37  3:41  Blink (Chrono Boost)  
  37  3:51  Probe  
  37  3:55  Stalker x2  
  42  4:03  Probe  
  43  4:14  Gateway  
  43  4:15  Probe  
  44  4:18  Stalker  
  46  4:31  Stalker  
  49  4:33  Probe (Chrono Boost)  
  49  4:34  Probe (Chrono Boost)  
  50  4:43  Probe (Chrono Boost)  
  52  4:45  Probe (Chrono Boost)  
  52  4:48  Probe (Chrono Boost)  
  53  4:53  Stalker  
  53  4:54  Probe  
  53  4:55  Stalker  
  59  5:00  Probe  
  59  5:07  Robotics Facility  
  59  5:08  Probe, Pylon  
  59  5:10  Stalker  
  62  5:17  Pylon  
  62  5:26  Probe  
  63  5:29  Probe  
  63  5:30  Nexus  
  64  5:36  Stalker  
  64  5:37  Stalker  
  64  5:42  Stalker  
  70  5:47  Probe x2  
  70  5:48  Assimilator  
  72  5:51  Shield Battery  
  72  5:55  Observer  
  73  5:59  Probe x2  
  73  6:01  Stalker  
  77  6:11  Probe, Forge  
  78  6:13  Pylon  
  78  6:15  Probe  
  76  6:20  Observer  
  76  6:23  Observer  
  76  6:25  Probe  
  70  6:30  Probe (Chrono Boost)  
  70  6:32  Stalker x2  
  72  6:37  Probe (Chrono Boost)  
  73  6:43  Probe (Chrono Boost)  
  76  6:48  Probe x2 (Chrono Boost)  
  76  6:51  Probe (Chrono Boost)  
  76  6:53  Probe (Chrono Boost)  
  77  6:54  Probe (Chrono Boost)  
  77  6:57  Probe  
  79  7:03  Stalker x2  
  79  7:04  Stalker  
  79  7:05  Probe (Chrono Boost)  
  79  7:06  Probe (Chrono Boost)  
  87  7:09  Probe (Chrono Boost)  
  87  7:15  Charge  
  89  7:18  Probe (Chrono Boost)  
  89  7:19  Probe (Chrono Boost), Protoss Ground Weapons Level 1 (Chrono Boost)  
  89  7:20  Probe (Chrono Boost)  
  91  7:23  Probe (Chrono Boost)  
  91  7:24  Probe (Chrono Boost)  
  91  7:28  Probe (Chrono Boost)  
  91  7:29  Stalker  
  98  7:37  Probe (Chrono Boost)  
  98  7:39  Probe (Chrono Boost)  
  99  7:45  Probe (Chrono Boost)  
  99  7:46  Probe (Chrono Boost)  
  98  7:51  Stalker  
  98  7:52  Probe (Chrono Boost)  
  98  7:57  Stalker  
  99  8:07  Probe x2  
  99  8:08  Gateway  
  99  8:09  Gateway x2  
  101  8:16  Gateway x2  
  101  8:20  Assimilator  
  101  8:23  Pylon  
  101  8:26  Pylon  
  101  8:27  Pylon  
  101  8:33  Pylon  
  101  8:36  Pylon  
  101  8:41  Probe (Chrono Boost)  
  101  8:42  Probe (Chrono Boost)  
  101  8:43  Probe (Chrono Boost), Sentry x2  
  109  8:51  Stalker  
  109  8:53  Probe x2 (Chrono Boost), Assimilator  
  109  8:54  Probe (Chrono Boost)  
  114  8:56  Immortal (Chrono Boost)  
  114  8:59  Probe x3 (Chrono Boost)  
  119  9:05  Photon Cannon  
  119  9:07  Stalker, Sentry x3  
  119  9:08  Probe  
  128  9:12  Stalker x2  
  128  9:16  Probe  
  131  9:21  Pylon  
  131  9:23  Probe x2, Pylon  
  133  9:25  Pylon  
  133  9:34  Pylon  
  133  9:40  Immortal  
  133  9:43  Nexus  
  133  9:44  Pylon  
  133  9:46  Stalker  
  135  9:58  Stalker x4  
  137  10:08  Robotics Bay  
  137  10:09  Shield Battery  
  137  10:11  Probe x3  
  140  10:14  Adept  
  140  10:15  Adept  
  140  10:17  Stalker  
  146  10:29  Probe  
  146  10:30  Probe x2, Robotics Facility  
  146  10:33  Photon Cannon  
  149  10:35  Pylon  
  149  10:36  Assimilator  
  149  10:38  Zealot x2  
  151  10:52  Stalker x3  
  151  10:53  Stalker  
  149  11:00  Pylon  
  142  11:07  Stalker x3  
  95  11:19  Stalker  
  95  11:20  Stalker x3  
Tags
 
Add a new tag
Caveats
  • Supply blocks, unpowered buildings, or Contaminate may cause inaccurate times.
  • Supply counts are checked every 10 seconds.